Map: Catalyst LE

Players

souL

  • Race: Terran Terran
  • Spawn Location: 11:00

Stats - Winner!

  • Race: Protoss Protoss
  • Spawn Location: 5:00

Event: IEM Season 12 - Katowice

VOD

Have the link to the VOD?

Description

Time

  • Played on: Feb. 26, 2018, 8:12 a.m.
  • Length: 8:36

All games in this series

Show
View Real Time Build Order
Export as new Build Order

souL Terran 

Build Orders: Cyclone Opening, MMM Bio 

Get SALT Encoding   

  12  0:00  SCV  
  13  0:13  SCV  
  14  0:17  Supply Depot  
  14  0:25  SCV  
  15  0:29  Refinery  
  15  0:38  SCV  
  16  0:44  Barracks  
  16  0:50  SCV  
  17  1:02  SCV  
  18  1:15  SCV  
  19  1:33  Orbital Command  
  19  1:34  Marine  
  20  1:49  Command Center  
  20  1:56  Factory  
  20  2:00  Refinery  
  20  2:04  SCV  
  21  2:08  Barracks Reactor  
  21  2:15  Supply Depot  
  21  2:17  SCV  
  22  2:29  SCV  
  23  2:42  SCV  
  24  2:47  Cyclone x2  
  30  2:54  SCV  
  30  2:55  Marine  
  31  3:13  SCV  
  31  3:14  Orbital Command  
  31  3:19  Barracks Tech Lab  
  32  3:20  Cyclone  
  32  3:21  Cyclone  
  32  3:25  SCV  
  39  3:32  Barracks Tech Lab  
  39  3:37  Supply Depot, SCV  
  39  3:40  SCV  
  41  3:49  SCV  
  41  3:52  SCV  
  41  3:58  Cyclone  
  41  4:01  SCV  
  43  4:03  Cyclone  
  43  4:04  SCV  
  43  4:09  Supply Depot  
  47  4:13  SCV  
  47  4:16  SCV  
  49  4:25  SCV  
  49  4:28  SCV  
  49  4:30  Cyclone  
  54  4:37  SCV  
  52  4:40  Cyclone, Command Center  
  52  4:42  SCV  
  56  4:49  SCV  
  48  4:55  SCV  
  48  4:57  Barracks x2  
  49  5:01  Bunker  
  49  5:02  SCV  
  50  5:07  SCV  
  48  5:14  SCV  
  48  5:19  Siege Tank, Marine x2  
  48  5:20  SCV  
  52  5:26  Engineering Bay  
  52  5:30  Supply Depot  
  52  5:31  SCV  
  52  5:35  SCV, Refinery  
  54  5:37  Marine x2  
  55  5:46  SCV  
  58  5:51  SCV, Siege Tank  
  58  5:54  Orbital Command, Barracks Tech Lab x2  
  58  5:55  Marine  
  58  5:56  Marine  
  62  5:58  SCV  
  62  6:03  SCV  
  61  6:06  Terran Infantry Weapons Level 1  
  61  6:07  Refinery  
  58  6:12  Marine  
  58  6:14  Marine x2  
  58  6:17  Marine  
  59  6:23  SCV  
  59  6:24  SCV, Combat Shields  
  59  6:25  Missile Turret  
  59  6:26  Stimpack  
  59  6:30  Marine  
  59  6:32  Marine x2  
  60  6:35  SCV, Marine  
  60  6:36  SCV  
  64  6:40  Supply Depot  
  64  6:45  Factory Reactor  
  63  6:47  SCV  
  63  6:48  SCV, Marine  
  63  6:49  Marine  
  63  6:51  Barracks, Marauder  
  63  6:52  Barracks  
  63  6:53  Starport  
  69  6:59  SCV, Orbital Command  
  69  7:00  Supply Depot  
  69  7:01  SCV, Marauder  
  71  7:06  Marine  
  74  7:11  SCV  
  74  7:12  Marine  
  74  7:13  SCV, Marauder  
  74  7:21  Supply Depot x2  
  74  7:22  Marine  
  74  7:23  SCV  
  74  7:24  Marine  
  74  7:25  SCV x2  
  74  7:29  Factory Reactor  
  79  7:30  Marine  
  79  7:33  Marine  
  79  7:36  SCV, Medivac x2  
  86  7:37  SCV x2  
  86  7:40  Barracks Reactor  
  86  7:41  Marine, Marauder  
  86  7:43  Concussive Shells  
  91  7:46  Supply Depot  
  91  7:48  Supply Depot, SCV  
  91  7:49  SCV x2  
  94  7:52  Marauder  
  94  7:53  Sensor Tower  
  94  7:54  Marauder  
  97  8:00  SCV  
  97  8:01  SCV  
  97  8:02  Marauder  
  97  8:03  Marine  
  97  8:06  Medivac  
  97  8:07  Marine  
  94  8:13  Marauder  
  81  8:21  SCV  
Show
View Real Time Build Order
Export as new Build Order

Stats Protoss - Winner!

Build Orders: 1 Gate Expand, Blink Stalkers 

Get SALT Encoding   

  12  0:00  Probe  
  13  0:12  Probe  
  14  0:17  Pylon  
  14  0:25  Probe (Chrono Boost)  
  15  0:37  Probe (Chrono Boost)  
  15  0:39  Gateway  
  16  0:44  Probe (Chrono Boost)  
  16  0:47  Assimilator  
  17  0:51  Probe  
  18  1:03  Probe  
  19  1:15  Probe  
  20  1:24  Nexus  
  20  1:33  Cybernetics Core  
  20  1:36  Probe  
  21  1:42  Assimilator  
  21  1:49  Probe  
  21  1:52  Pylon  
  22  2:01  Probe  
  23  2:08  Adept (Chrono Boost)  
  23  2:11  Warp Gate  
  23  2:13  Probe  
  26  2:23  Twilight Council  
  26  2:25  Probe  
  26  2:28  Stalker (Chrono Boost)  
  29  2:37  Probe (Chrono Boost)  
  29  2:39  Probe (Chrono Boost)  
  31  2:50  Stalker  
  34  2:53  Probe (Chrono Boost)  
  34  2:54  Probe (Chrono Boost)  
  34  2:58  Probe (Chrono Boost)  
  35  3:01  Probe  
  35  3:04  Blink (Chrono Boost)  
  37  3:11  Probe  
  38  3:13  Probe  
  39  3:22  Shield Battery  
  39  3:23  Probe  
  39  3:25  Probe  
  41  3:28  Gateway  
  41  3:34  Gateway  
  41  3:35  Probe  
  41  3:38  Probe  
  43  3:43  Pylon  
  43  3:47  Probe  
  44  3:50  Probe  
  43  4:04  Robotics Facility  
  43  4:06  Probe x2  
  45  4:14  Assimilator, Stalker  
  47  4:18  Pylon  
  47  4:23  Stalker  
  49  4:31  Stalker x2  
  49  4:32  Probe  
  49  4:33  Probe  
  51  4:45  Probe x2  
  51  4:51  Stalker x2  
  51  4:53  Observer (Chrono Boost)  
  51  4:55  Stalker  
  50  5:18  Nexus  
  50  5:21  Forge x2  
  50  5:22  Observer  
  50  5:23  Probe x2  
  50  5:25  Sentry x2  
  57  5:29  Stalker  
  57  5:35  Probe  
  60  5:40  Pylon  
  60  5:45  Probe  
  60  5:47  Probe  
  62  5:51  Pylon  
  62  5:53  Stalker  
  60  5:59  Stalker  
  60  6:00  Stalker  
  60  6:02  Probe x2  
  63  6:05  Protoss Ground Armor Level 1 (Chrono Boost)  
  63  6:11  Protoss Ground Weapons Level 1 (Chrono Boost)  
  63  6:14  Probe x2  
  65  6:26  Probe, Charge  
  65  6:27  Probe  
  67  6:33  Probe  
  67  6:34  Gateway x2  
  67  6:36  Gateway x2  
  67  6:39  Probe  
  69  6:40  Gateway  
  69  6:42  Warp Prism  
  69  6:46  Probe x2  
  73  6:51  Probe  
  73  6:53  Sentry  
  73  6:54  Zealot, Sentry  
  78  6:57  Pylon  
  78  6:58  Pylon  
  80  7:08  Pylon  
  80  7:18  Zealot x2  
  80  7:19  Zealot  
  86  7:32  Zealot x4  
  86  7:34  Zealot  
  96  7:39  Zealot x2  
  96  7:40  Zealot  
  96  7:41  Immortal  
  96  7:42  Pylon x2  
  105  8:02  Zealot x7  
  105  8:04  Zealot  
  117  8:23  Zealot x2  
  117  8:24  Zealot x6  

Tags
 
Add a new tag
Caveats
  • Supply blocks, unpowered buildings, or Contaminate may cause inaccurate times.
  • Supply counts are checked every 10 seconds.